 Dungeon Crawl Stone Soup version 0.20.1-1-g8b1a95d (console) character file.

324 hilaritas the Scratcher (level 6, -1/28 HPs)
             Began as a Felid Berserker on Oct 15, 2017.
             Was a Believer of Trog.
             Slain by a scorpion (4 damage)
             ... on level 4 of the Dungeon.
             The game lasted 00:06:47 (3339 turns).

hilaritas the Scratcher (Felid Berserker)           Turns: 3339, Time: 00:06:47

Health: -1/28      AC:  2    Str: 15    XL:     6   Next: 23%
Magic:  7/7        EV: 19    Int:  9    God:    Trog [**....]
Gold:   147        SH:  0    Dex: 15    Spells: 5/5 levels left
                                        Lives:  0   Deaths: 1

rFire    . . .     SeeInvis +     - Unarmed
rCold    . . .     Gourm    .   (shield unavailable)
rNeg     . . .     Faith    .   (armour unavailable)
rPois    .         Spirit   .   (helmet unavailable)
rElec    .         Reflect  .   (cloak unavailable)
rCorr    .         Harm     .   (gloves unavailable)
MR       ++...                  (boots unavailable)
Stlth    ++........             (no amulet)
Regen    1.1/turn               k - ring of loudness (curse)
MPRegen  0.1/turn               (no ring)

@: regenerating, quick
A: no armour, no weapons or thrown items, stealth, claws 1, fangs 3, see
invisible, carnivore 3, speed 1, shaggy fur 2, slow metabolism 1, sharp paws
a: Berserk, Trog's Hand, Burn Spellbooks, Renounce Religion


You were on level 4 of the Dungeon.
You worshipped Trog.
Trog was pleased with you.
You were completely stuffed.

You visited 1 branch of the dungeon, and saw 4 of its levels.

You collected 147 gold pieces.

Inventory:

Jewellery
 e - an uncursed ring of ice
 k - a cursed ring of loudness (left paw)
Wands
 l - a wand of flame (23/48)
 n - a wand of disintegration (10/24)
Scrolls
 f - 5 scrolls of identify
 m - a scroll of blinking
Potions
 b - 7 potions of curing
 c - a potion of haste {unknown}
 d - a potion of cancellation {unknown}
 g - 2 potions of might {unknown}
 h - 2 potions of flight {unknown}
 j - a potion of mutation {unknown}
Comestibles
 a - 3 meat rations
 i - 2 chunks of flesh


   Skills:
 - Level 3.0 Fighting
 - Level 4.0 Dodging
 + Level 3.7 Stealth
 * Level 7.1 Unarmed Combat


You had 5 spell levels left.
You didn't know any spells.

Dungeon Overview and Level Annotations

Branches:
Dungeon (4/15)
 Temple: D:4-7

Altars:
Qazlal


Innate Abilities, Weirdness & Mutations

You cannot wear armour.
You are incapable of wielding weapons or throwing items.
Your paws allow you to move quietly. (Stealth)
You have sharp claws.
You have razor-sharp teeth.
You have supernaturally acute eyesight. (SInv)
You are carnivorous and can eat meat at any time.
You cover ground quickly.
You are covered in thick fur. (AC +2)
You have a slow metabolism.
Your sharp claws are effective at attacking unaware monsters.


Message History

You kill the howler monkey!
Trog accepts your kill.
Your Unarmed Combat skill increases to level 7!
You start resting.
A scorpion and a gnoll shaman come into view.
You see here 12 sling bullets.
A gnoll comes into view. It is wielding a whip.
The gnoll shouts!
You closely miss the gnoll shaman.
A gnoll comes into view.
Your skin crawls.
You feel resistant to hostile enchantments.
You feel somewhat less full. The gnoll shaman hits you with a club!
The scorpion stings you but does no damage.
You claw the scorpion!
The scorpion is severely wounded.
The gnoll shaman hits you with a club!
* * * LOW HITPOINT WARNING * * *
The scorpion stings you.
You die...

#.#.# # #. #.# #.#. #.#.#
.# #.####.# ##.#. #.#.#
..# #......###....
....#######..#
#.#...........
.............#
#.#.######....
.............#######.#.#
##.#.
#.##...................#
#.#. #)##.....###.#
#..####.## #...
#.##.#.#g###.###..###...##
#..#
#.##.#......g..gs(.......#
.
#.##.#...#######@.###†...#
## #.##.....# #......(..#
#.......## #........##
######..........<.####.##
##.########### #.# #.# #.#
#.# #.. ..# ### ###


You could see a gnoll shaman, a scorpion and a gnoll.

Vanquished Creatures
  2 ogres (D:4)
  A howler monkey (D:4)
  An iguana (D:4)
  Ijyb (D:3)
  A worker ant (D:4)
  3 gnolls (D:4)
  5 adders
  2 oozes
  3 worms (D:3)
  3 dart slugs
  A leopard gecko (D:2)
  2 orcs (D:3)
  2 ball pythons
  3 giant cockroaches
  9 goblins
  2 hobgoblins (D:1)
  4 jackals (D:4)
  5 kobolds
  9 bats
  5 frilled lizards
  A leopard gecko skeleton (D:4)
  6 rats
71 creatures vanquished.

Notes
Turn   | Place    | Note
-------+----------+-------------------------------------------
     0 | D:1      | hilaritas the Felid Berserker began the quest for the Orb.
     0 | D:1      | Reached XP level 1. HP: 10/10 MP: 2/2
   164 | D:1      | Reached skill level 1 in Stealth
   316 | D:1      | Reached XP level 2. HP: 14/14 MP: 3/3
   774 | D:1      | Reached XP level 3. HP: 17/17 MP: 4/4
   866 | D:1      | Reached ** piety under Trog
   866 | D:1      | Reached skill level 4 in Unarmed Combat
  1188 | D:2      | You fall through a shaft!
  1727 | D:3      | Reached XP level 4. HP: 21/21 MP: 5/5
  2468 | D:3      | Reached skill level 5 in Unarmed Combat
  2490 | D:3      | Noticed Ijyb
  2507 | D:3      | Killed Ijyb
  2793 | D:4      | Noticed an ogre
  2804 | D:4      | Killed an ogre
  2804 | D:4      | Reached XP level 5. HP: 24/24 MP: 6/6
  2806 | D:4      | Reached skill level 6 in Unarmed Combat
  2887 | D:4      | Slain by an iguana
  2888 | D:4      | Reached XP level 4. HP: -3/21 MP: 5/5
  2906 | D:4      | Found a stormy altar of Qazlal.
  3031 | D:4      | Noticed an ogre
  3035 | D:4      | Reached XP level 5. HP: 24/24 MP: 6/6
  3042 | D:4      | Killed an ogre
  3104 | D:4      | Gained mutation: You are covered in thick fur. (AC +2) [Felid growth]
  3104 | D:4      | Reached XP level 6. HP: 26/28 MP: 7/7
  3324 | D:4      | Reached skill level 7 in Unarmed Combat
  3339 | D:4      | Slain by a scorpion

Skill      XL: |  1  2  3  4  5  6 |
---------------+-------------------+-----
Stealth        | 1 2 3 |  3.7
Unarmed Combat | 4 5 6 7 |  7.1
Fighting       | |  3.0
Dodging        | |  4.0

Action                   |  1- 3 |  4- 6 || total
-------------------------+-------+-------++-------
Melee: Unarmed           |    82 |   116 ||   198
       Bite              |     5 |    12 ||    17
       Punch             |       |     4 ||     4
Invok: Berserk           |       |     3 ||     3
       Trog's Hand       |       |     4 ||     4
  Use: Scroll            |     4 |     1 ||     5
       Potion            |       |     1 ||     1
 Stab: Sleeping          |     8 |     2 ||    10
  Eat: Chunk             |     9 |    12 ||    21
Armor: Skin              |     4 |     2 ||     6
Dodge: Dodged            |    55 |    97 ||   152
